 Dungeon Crawl Stone Soup version 0.27-a0-1529-g1e82c303ef (webtiles) character file.

Game seed: 14890388744035723666

421 MacCMillion the Chiller (level 6, -3/41 HPs)
             Began as a Merfolk Ice Elementalist on July 12, 2021.
             Was an Initiate of Okawaru.
             Splashed by a jelly's acid (8 damage)
             ... on level 5 of the Dungeon.
             The game lasted 00:26:46 (5430 turns).

MacCMillion the Chiller (Merfolk Ice Elementalist)  Turns: 5430, Time: 00:26:47

Health: -3/41      AC: -3    Str: 10    XL:     6   Next: 94%
Magic:  6/9        EV: 10    Int: 15    God:    Okawaru [......]
Gold:   174        SH:  0    Dex: 14    Spells: 8/9 levels left

rFire    . . .     SeeInvis .   n - +2 short sword (venom)
rCold    . . .     Faith    .   (no shield)
rNeg     . . .     Spirit   .   h - +0 ring mail
rPois    .         Reflect  .   (no helmet)
rElec    .         Harm     .   (no cloak)
rCorr    .         Rampage  .   (no gloves)
Will     .....                  (no boots)
Stlth    +.........             (no amulet)
HPRegen  0.13/turn              (no ring)
MPRegen  0.11/turn              (no ring)

@: corroded
A: (nimble swimmer 2), mertail
a: Renounce Religion


You were on level 5 of the Dungeon.
You worshipped Okawaru.
Okawaru was noncommittal.
You visited 1 branch of the dungeon, and saw 5 of its levels.

You collected 174 gold pieces.

Inventory:

Hand Weapons
 b - a +0 mace
 c - a +0 dagger
 n - a +2 short sword of venom (weapon)
 s - a +0 spear
Armour
 a - a +0 robe
 h - a +0 ring mail (worn)
Jewellery
 d - a ring of flight
 t - a ring of poison resistance
Wands
 l - a wand of polymorph (9)
Scrolls
 e - 2 scrolls of identify {unknown}
 f - a scroll of enchant weapon {unknown}
 g - a scroll of amnesia {unknown}
 o - 2 scrolls of teleportation {unknown}
 q - 3 scrolls of noise {unknown}
 r - a scroll of fog {unknown}
 u - a scroll of silence {unknown}
Potions
 i - 3 potions of curing {unknown}
 j - 3 potions of heal wounds {unknown}
 k - a potion of might {unknown}
 m - a potion of cancellation {unknown}
 p - a potion of lignification {unknown}


   Skills:
 + Level 4.2 Short Blades
 - Level 2.6 Dodging
 - Level 2.1 Stealth
 - Level 2.0 Spellcasting
 * Level 7.8 Ice Magic


You had 8 spell levels left.
You knew the following spells:

 Your Spells              Type           Power      Damage    Failure   Level
a - Freeze                Ice            96%        1d11      2%          1

Your spell library contained the following spells:

 Spells                   Type           Power      Damage    Failure   Level
 Frozen Ramparts          Ice            48%        1d6       7%          3
 Ozocubu's Armour         Ice            24%        N/A       7%          3
 Hailstorm                Conj/Ice       13%        3d5       75%         4
 Conjure Flame            Conj/Fire      1%         6-21      86%         3
 Ignite Poison            Fire/Tmut/Pois 1%         N/A       86%         3
 Portal Projectile        Hex/Tloc       2%         N/A       86%         3
 Sticky Flame             Conj/Fire      1%         2d3       99%         4
 Blade Hands              Tmut           0%         N/A       100%        5
 Excruciating Wounds      Necr           0%         N/A       100%        5


Dungeon Overview and Level Annotations

Branches:
Dungeon (5/15)
 Temple: D:4-7

Altars:
Cheibriados
Okawaru
Wu Jian


Innate Abilities, Weirdness & Mutations

((You are quick and stealthy near water. (Stealth+, EV+, Speed+++)))
Your lower body shifts to a powerful aquatic tail in water.


Message History

A jelly comes into view.
The jelly quivers.
The jelly hits you but does no damage.
A jelly is nearby!
You barely miss the jelly.
Aiming: Freeze (safe; 2% risk of failure)
Press: ? - help, Q - select action, (/) - cycle Shift-Dir - straight line, f - jelly
Aim: a jelly You freeze the jelly.
The jelly is lightly wounded.
The jelly hits you but does no damage.
Aiming: Freeze (safe; 2% risk of failure)
Press: ? - help, Q - select action, (/) - cycle Shift-Dir - straight line, f/p - jelly
Aim: a jelly (lightly wounded)
You freeze the jelly.
The jelly is lightly wounded.
The jelly hits you. The acid corrodes you!
You are splashed with acid!
Aiming: Freeze (safe; 2% risk of failure)
Press: ? - help, Q - select action, (/) - cycle Shift-Dir - straight line, f/p - jelly
Aim: a jelly (lightly wounded)
You freeze the jelly!
The jelly is moderately wounded.
The jelly barely misses you.
You hit the jelly.
Your hands burn!
The jelly is heavily wounded.
The jelly hits you.
You are splashed with acid!
You are too injured to fight recklessly!
You are too injured to fight recklessly!
You are too injured to fight recklessly!
You barely miss the jelly.
The jelly is heavily wounded.
The jelly hits you. The acid corrodes you!
You are splashed with acid.
* * * LOW HITPOINT WARNING * * *
You hit the jelly but do no damage.
Your hands burn!
* * * LOW HITPOINT WARNING * * *
The jelly is heavily wounded.
The jelly hits you.
* * * LOW HITPOINT WARNING * * *
You are splashed with acid!
You die...

.............
...........
.........
....... .....
... #####J####
#....@...#
#........#
#..##....# ..
#..##....#...
#..#######...
#..#.........
#..'.........
..#..#.........
######
..##+#.........


You could see a jelly.

Vanquished Creatures
  An ogre (D:4)
  2 scorpions
  A jelly (D:3)
  Jessica (D:2)
  An iguana (D:4)
  An orc wizard (D:4)
  2 hound skeletons
  2 adders
  2 worms
  A dart slug (D:5)
  4 orcs (D:4)
  3 endoplasms
  3 giant cockroaches
  2 goblins
  3 hobgoblins
  5 jackals
  3 quokkas
  6 ball pythons
  5 bats
  A frilled lizard (D:1)
  6 kobolds
  6 rats
61 creatures vanquished.

Notes
Turn   | Place    | Note
-------+----------+-------------------------------------------
     0 | D:1      | MacCMillion the Merfolk Ice Elementalist began the quest
                  | for the Orb.
     0 | D:1      | Reached XP level 1. HP: 13/13 MP: 3/3
   523 | D:1      | Reached XP level 2. HP: 17/19 MP: 3/5
   824 | D:1      | Reached skill level 5 in Ice Magic
  1565 | D:2      | Reached XP level 3. HP: 24/24 MP: 6/6
  1834 | D:2      | Noticed Jessica
  2332 | D:2      | Killed Jessica
  2333 | D:2      | Reached skill level 6 in Ice Magic
  2524 | D:3      | Reached XP level 4. HP: 29/30 MP: 7/7
  2592 | D:3      | Found an ornate altar of the Wu Jian Council.
  2806 | D:3      | Noticed a scorpion
  2858 | D:3      | Killed a scorpion
  2859 | D:3      | Reached XP level 5. HP: 33/35 MP: 8/8
  3307 | D:3      | Found a snail-covered altar of Cheibriados.
  4206 | D:4      | Found an iron altar of Okawaru.
  4228 | D:4      | Became a worshipper of Warmaster Okawaru
  4542 | D:4      | Reached XP level 6. HP: 35/41 MP: 9/9
  4687 | D:4      | Reached skill level 7 in Ice Magic
  5212 | D:5      | Entered Level 5 of the Dungeon
  5430 | D:5      | Splashed by a jelly's acid

Illustrated notes

Levels and vault maps discovered:
D:1:      lightli_arrival_boilingwater, layout_loops_corners,
          minmay_pentomino_u2
D:2:      layout_basic, uniq_jessica
D:3:      layout_loops_cross, mainiacjoe_overflow_cross_hatched,
          mainiacjoe_overflow_chevrons, corexii_item_surrounded_by_moat
D:4:      layout_loops_corners, mainiacjoe_overflow_brackets, serial_rivers,
          chequers_serial_rivers_small_a, chequers_serial_rivers_micro_c,
          chequers_serial_rivers_micro_b, chequers_serial_rivers_micro_e
D:5:      layout_gridville, zin_purify, kb_xom_exploding_sheep, serial_shops,
          kennysheep_mini

Skill      XL: |  1  2  3  4  5  6 |
---------------+-------------------+-----
Ice Magic      | 5 6 7 |  7.8
Short Blades   | 2 3 4 |  4.2
Dodging        | |  2.6
Stealth        | |  2.1
Spellcasting   | |  2.0

Action                   |  1- 3 |  4- 6 || total
-------------------------+-------+-------++-------
Melee: Dagger            |    50 |       ||    50
       Unarmed           |     7 |       ||     7
       Mace              |     5 |       ||     5
       Tailslap          |     1 |     4 ||     5
       Short sword       |     4 |    95 ||    99
       Spear             |       |    29 ||    29
 Cast: Freeze            |    19 |    20 ||    39
 Stab: Sleeping          |     2 |       ||     2
Armor: Robe              |    19 |       ||    19
       Ring mail         |       |    35 ||    35
Dodge: Dodged            |    60 |    46 ||   106

Table legend: (Time is in decaauts)
 A = Elapsed time spent in this place.
 B = Non-inter-level travel time spent in this place.
 C = Inter-level travel time spent in this place.
 D = Time resting spent in this place.
 E = Time spent auto-exploring this place.
 F = Levels seen in this place.
 G = Mean time per level.
                   A        B        C        D        E       F      G
               +--------+--------+--------+--------+--------+-----+--------+
         Total |   5386 |   5243 |    143 |   1143 |   2922 |   5 | 1077.2 |
       Dungeon |   5386 |   5243 |    143 |   1143 |   2922 |   5 | 1077.2 |
               +--------+--------+--------+--------+--------+-----+--------+

Top non-repeatable levels by time:
     D:4: 1418 daAuts
     D:1: 1376 daAuts
     D:3: 1289 daAuts
     D:2: 1086 daAuts
     D:5: 216 daAuts
